 Dungeon Crawl Stone Soup version 0.27-a0-380-g150de4c316 (webtiles) character file.

Game seed: 6514942997653894311

174 tilp the Insei (level 5, -7/35 HPs)
             Began as an Octopode Transmuter on Feb 17, 2021.
             Killed by nerve-wracking pain
             ... invoked by an orc priest
              (9 damage)
             ... on level 3 of the Dungeon.
             The game lasted 00:03:51 (2488 turns).

tilp the Insei (Octopode Transmuter)                Turns: 2488, Time: 00:03:52

Health: -7/35      AC:  5    Str:  9    XL:     5   Next: 54%
Magic:  6/8        EV: 13    Int: 16    God:
Gold:   110        SH:  0    Dex: 13    Spells: 5/8 levels left

rFire    . . .     SeeInvis .     - Unarmed
rCold    . . .     Faith    .   (no shield)
rNeg     . . .     Spirit   .   (helmet currently unavailable)
rPois    .         Reflect  .   e - amulet of the acrobat
rElec    .         Harm     .   g - +4 ring of protection
rCorr    .         Rampage  .   (no ring)
Will     .....                  (no ring)
Stlth    +++.......             (no ring)
HPRegen  0.11/turn              (no ring)
MPRegen  0.11/turn              (no ring)
                                (no ring)
                                (no ring)

@: appendages (expiring), wereblooded
A: almost no armour, stealthy swim, amphibious, 8 rings, constrict 8, tentacle
spike 3, camouflage 1, gelatinous body 1
a: End Transformation


You were on level 3 of the Dungeon.
One of your tentacles had a temporary spike.
You visited 1 branch of the dungeon, and saw 3 of its levels.

You collected 110 gold pieces.

Inventory:

Missiles
 d - 19 stones
 m - 6 poisoned darts (quivered)
 r - 7 boomerangs
Jewellery
 e - an amulet of the acrobat (around mantle)
 g - a +4 ring of protection (left tentacle)
Scrolls
 a - a scroll of immolation {unknown}
 b - a scroll of identify {unknown}
 c - a scroll of fear {unknown}
 i - a scroll of random uselessness {unknown}
 n - a scroll of magic mapping {unknown}
 o - a scroll of noise {unknown}
 p - a scroll of teleportation
Potions
 f - a potion of brilliance {unknown}
 h - a potion of mutation {unknown}
 j - 2 potions of attraction {unknown}
 k - a potion of flight {unknown}
 l - a potion of magic {unknown}
 q - a potion of degeneration {unknown}


   Skills:
 + Level 2.4 Fighting
 - Level 2.0 Dodging
 - Level 4.0 Stealth
 * Level 4.6 Unarmed Combat
 - Level 2.0 Spellcasting
 - Level 2.0 Transmutations


You had 5 spell levels left.
You knew the following spells:

 Your Spells              Type           Power        Failure   Level
a - Beastly Appendage     Tmut           16%          9%          1
b - Wereblood             Tmut           8%           14%         2

Your spell library contained the following spells:

 Spells                   Type           Power        Failure   Level
 Spider Form              Tmut/Pois      2%           38%         3
 Ice Form                 Ice/Tmut       4%           80%         4
 Blade Hands              Tmut           4%           94%         5


Dungeon Overview and Level Annotations

Branches:
Dungeon (3/15)

Altars:


Innate Abilities, Weirdness & Mutations

You cannot wear most types of armour.
You are very stealthy in the water. (Stealth+)
You are amphibious.
You can wear up to eight rings at the same time.
You can use your tentacles to constrict eight enemies at once.
Your skin changes colour to match your surroundings (Stealth+).
Your rubbery body absorbs attacks. (AC +1, EV +1)
One of your tentacles bears a large vicious spike.


Message History

You tentacle-slap the orc.
You kill the orc!
Unknown command.
You tentacle-slap something but do no damage.
Your squeeze misses something. Something hits you but does no damage.
You closely miss something.
You pierce something.
Something hits you but does no damage.
You completely miss something. You squeeze something.
Something hits you but does no damage.
You closely miss something.
Your transformation is almost over.
Something hits you.
You barely miss something. Something hits you but does no damage.
You tentacle-slap something. You closely miss something. You squeeze something.
You hear some strange, mumbled words.
A magic dart appears from out of thin air!
The magic dart hits you!
You tentacle-slap something.
Reactivating autopickup.
You feel a bit more experienced.
You tentacle-slap the orc priest but do no damage.
You grab the orc priest.
You constrict the orc priest, but do no damage.
The orc priest hits you.
* * * LOW HITPOINT WARNING * * *
You tentacle-slap the orc priest.
You pierce the orc priest, but do no damage.
The orc priest is moderately wounded.
You constrict the orc priest, but do no damage.
The orc priest mumbles some strange prayers to Beogh against you.
Pain shoots through your body!
* * * LOW HITPOINT WARNING * * *
Okay, then.
You tentacle-slap the orc priest.
The orc priest is heavily wounded.
You constrict the orc priest, but do no damage.
The orc priest calls down the wrath of Beogh upon you.
Pain shoots through your body!
You die...

### ###### #..
#....# #... #....#
#... #...>#
#....#....#
#....#$...#
#.........#
#....#@#..#
####....#o##.#
#........o..o##
.###............###
.....#...)......o.#
#......†.<....#..#
#.......)).)...##..#
#.#.#......(...# #.#
# #......(...# ...


You could see an orc priest and an orc.

Vanquished Creatures
  An orc wizard (D:3)
  A worker ant (D:2)
  3 gnolls (D:2)
  3 adders
  3 worms
  A dart slug (D:1)
  A leopard gecko (D:3)
  5 orcs (D:3)
  5 bats
  3 giant cockroaches
  7 goblins
  8 hobgoblins
  4 jackals (D:1)
  5 kobolds
  6 rats (D:1)
56 creatures vanquished.

Notes
Turn   | Place    | Note
-------+----------+-------------------------------------------
     0 | D:1      | tilp the Octopode Transmuter began the quest for the Orb.
     0 | D:1      | Reached XP level 1. HP: 13/13 MP: 3/3
    68 | D:1      | Reached skill level 1 in Stealth
    74 | D:1      | Reached XP level 2. HP: 6/18 MP: 3/5
    77 | D:1      | Learned a level 2 spell: Wereblood
   801 | D:1      | Reached XP level 3. HP: 23/23 MP: 6/6
  1479 | D:2      | Reached XP level 4. HP: 28/29 MP: 5/7
  1887 | D:2      | Reached XP level 5. HP: 34/34 MP: 6/8
  2488 | D:3      | Killed from afar by an orc priest

Illustrated notes

Levels and vault maps discovered:
D:1:      dpeg_arrival_houses_and_road, layout_rooms
D:2:      layout_basic
D:3:      layout_rooms, fedhas_altar_2

Skill      XL: |  1  2  3  4 |
---------------+-------------+-----
Stealth        | 2 3 4 |  4.0
Unarmed Combat | 4 |  4.6
Fighting       | 2 |  2.4
Dodging        | |  2.0
Spellcasting   | |  2.0
Transmutations | |  2.0

Action                   |  1- 3 |  4- 6 || total
-------------------------+-------+-------++-------
Melee: Unarmed           |    80 |    63 ||   143
       Kick              |     9 |    14 ||    23
       Constrict         |    27 |    17 ||    44
       Tentacles         |    14 |     9 ||    23
       Punch             |     3 |     1 ||     4
Throw: Dart              |     5 |     5 ||    10
 Cast: Beastly Appendage |    10 |     5 ||    15
       Wereblood         |     1 |     3 ||     4
  Use: Scroll            |       |     1 ||     1
 Stab: Sleeping          |     7 |     1 ||     8
Armor: Skin              |    16 |    10 ||    26
Dodge: Dodged            |    65 |    30 ||    95

Table legend: (Time is in decaauts)
 A = Elapsed time spent in this place.
 B = Non-inter-level travel time spent in this place.
 C = Inter-level travel time spent in this place.
 D = Time resting spent in this place.
 E = Time spent auto-exploring this place.
 F = Levels seen in this place.
 G = Mean time per level.
                   A        B        C        D        E       F      G
               +--------+--------+--------+--------+--------+-----+--------+
         Total |   2476 |   2365 |    111 |    677 |   1217 |   3 |  825.3 |
       Dungeon |   2476 |   2365 |    111 |    677 |   1217 |   3 |  825.3 |
               +--------+--------+--------+--------+--------+-----+--------+

Top non-repeatable levels by time:
     D:2: 1242 daAuts
     D:1: 1043 daAuts
     D:3: 190 daAuts
